 Dungeon Sprint DCSS version 0.19-a0-74-g8fff883 (webtiles) character file.

1135 Kathua the Fighter (level 8, -2/69 HPs)
             Began as a Demonspawn Fighter on May 10, 2016.
             Was a Priest of Pakellas.
             Slain by a redback (9 damage)
             ... summoned by a deep elf mage
             ... in the Dungeon (Sprint IX: "|||||||||||||||||||||||||||||").
             The game lasted 00:01:15 (356 turns).

Kathua the Fighter (Demonspawn Fighter)              Turns: 356, Time: 00:01:15

Health: -2/69      AC: 19    Str: 21    XL:     8   Next: 14%
Magic:  8/12       EV:  6    Int: 11    God:    Pakellas [***...]
Gold:   0          SH: 11    Dex: 12    Spells: 0 memorised, 7 levels left

rFire  . . .     SeeInvis .     a - +0 flail
rCold  + . .     Gourm    .     p - +0 plate armour
rNeg   . . .     Faith    .     c - +0 shield
rPois  .         Spirit   .     (helmet restricted)
rElec  .         Dismiss  .     (no cloak)
rCorr  .         Reflect  .     (no gloves)
SustAt .         Harm     .     o - +0 pair of boots
MR     .....     NoTele   +     (no amulet)
Stlth  ..........               q - +2 ring of protection
                                r - +3 ring of strength

@: not resistant to hostile enchantments, extremely unstealthy
A: antennae 1, slimy green scales 1, cold resistance 1, spiny 1
a: Quick Charge, Device Surge, Renounce Religion


You were in the Dungeon.
You worshipped Pakellas.
Pakellas was most pleased with you.
You were not hungry.

You visited 1 branch

Inventory:

Hand Weapons
 a - a +0 flail (weapon)
Armour
 c - a +0 shield (worn)
 o - a +0 pair of boots (worn)
 p - a +0 plate armour (worn)
Jewellery
 q - a +2 ring of protection (right hand)
 r - a +3 ring of strength (left hand)
Wands
 b - a wand of polymorph (16/24)
 n - a wand of lightning (0/15)
Scrolls
 k - 2 scrolls of blinking
 l - 3 scrolls of remove curse
 m - 2 scrolls of amnesia
Potions
 d - a potion of might
 e - 5 potions of curing
 g - 3 potions of heal wounds
 h - a potion of haste
 i - 4 potions of magic
 j - a potion of invisibility
Miscellaneous
 s - a box of beasts {used: 1}
Comestibles
 f - a bread ration


   Skills:
 + Level 8.6 Fighting
 * Level 8.2 Maces & Flails
 + Level 8.3 Armour
 + Level 3.3 Dodging
 + Level 8.0 Shields
 * Level 5.5 Evocations


You had 7 spell levels left.
You didn't know any spells.

Dungeon Overview and Level Annotations

Branches:
Dungeon (1/1)

Altars:
Cheibriados
Dithmenos
Elyvilon
Fedhas
Gozag
Kikubaaqudgha
Makhleb
Nemelex Xobeh
Okawaru
Pakellas
Qazlal
Ru
Sif Muna
Trog
Vehumet
Xom
Yredelemnul
Zin
The Shining One
Beogh
Jiyva
Lugonu


Innate Abilities, Weirdness & Mutations

You have a pair of small antennae on your head.
You are partially covered in slimy green scales (AC +2).
Your flesh is cold resistant.
You are partially covered in sharp spines.


Message History

The chaos spawn degenerates into a cloud of primal chaos!
The jumping spider leaps!
The jumping spider barely misses you.
The jumping spider bites you but does no damage.
Unknown command.
You sock the jumping spider!
The jumping spider is almost dead.
The jumping spider leaps!
The jumping spider is struck by your spines.
You kill the jumping spider!
The jumping spider's corpse disappears in a puff of smoke!
The jumping spider leaps!
You closely miss the deep elf mage.
The deep elf mage is severely wounded.
The deep elf mage gestures wildly while chanting.
The jumping spider leaps!
You block the deep elf mage's attack.
You hit the deep elf mage but do no damage.
The deep elf mage is heavily wounded.
The redback is struck by your spines. The redback bites you!
You die...
Pakellas says: Time to find a new assistant... ▓▓▓▓▓▓▓▓▓▓▓▓▓▓▓▓▓▓▓▓▓▓▓▓▓ '..|).[..s)..rre@s)††...+ ▓▓▓▓▓▓▓▓▓▓▓▓▓▓▓▓▓▓▓▓▓▓▓▓▓

You could see a deep elf mage, a jumping spider, a redback and 2 hell rats.

Vanquished Creatures
  A hill giant (D)
  A wyvern (D)
  A phantom (D)
  An orc warrior (D)
  An ogre (D)
  A giant frog (D)
  A scorpion (D)
  2 crimson imps (D)
  2 hounds (D)
  2 worker ants (D)
  A shadow imp (D)
  2 dart slugs (D)
  A bat skeleton (D)
  A bat zombie (D)
  A giant newt (D)
  A kobold (D)
  A rat (D)
21 creatures vanquished.

Notes
Turn   | Place    | Note
--------------------------------------------------------------
     0 | D        | Kathua the Demonspawn Fighter began the quest for the Orb.
     0 | D        | Reached XP level 1. HP: 18/18 MP: 1/1
   117 | D        | Noticed a worker ant
   117 | D        | Noticed a phantom
   117 | D        | Noticed a hound
   117 | D        | Noticed a scorpion
   121 | D        | Killed a worker ant
   121 | D        | Gained mutation: You are partially covered in sharp spines. [demonic ancestry]
   121 | D        | Reached XP level 2. HP: 25/25 MP: 2/2
   121 | D        | Gained mutation: You are partially covered in slimy green scales (AC +2). [demonic ancestry]
   121 | D        | Reached XP level 3. HP: 30/30 MP: 3/3
   129 | D        | Killed a phantom
   129 | D        | Reached skill level 5 in Fighting
   129 | D        | Reached skill level 5 in Armour
   129 | D        | Reached skill level 1 in Dodging
   129 | D        | Reached skill level 5 in Shields
   129 | D        | Reached XP level 4. HP: 40/40 MP: 4/4
   134 | D        | Gained mutation: You have a pair of small antennae on your head. [demonic ancestry]
   134 | D        | Reached XP level 5. HP: 46/46 MP: 5/5
   138 | D        | Reached skill level 5 in Maces & Flails
   153 | D        | Found a glowing silver altar of Zin.
   153 | D        | Found a glowing golden altar of the Shining One.
   153 | D        | Found an ancient bone altar of Kikubaaqudgha.
   153 | D        | Found a basalt altar of Yredelemnul.
   153 | D        | Found a shimmering altar of Xom.
   153 | D        | Found a radiant altar of Vehumet.
   154 | D        | Found an iron altar of Okawaru.
   155 | D        | Found a burning altar of Makhleb.
   156 | D        | Found a deep blue altar of Sif Muna.
   157 | D        | Found a bloodstained altar of Trog.
   158 | D        | Found a sparkling altar of Nemelex Xobeh.
   159 | D        | Found a white marble altar of Elyvilon.
   160 | D        | Found a roughly hewn altar of Beogh.
   161 | D        | Found a viscous altar of Jiyva.
   162 | D        | Found a corrupted altar of Lugonu.
   163 | D        | Found a blossoming altar of Fedhas.
   164 | D        | Found a snail-covered altar of Cheibriados.
   165 | D        | Found a shadowy altar of Dithmenos.
   166 | D        | Found a stormy altar of Qazlal.
   167 | D        | Found an opulent altar of Gozag.
   168 | D        | Found a sacrificial altar of Ru.
   169 | D        | Found an oddly glowing altar of Pakellas.
   180 | D        | Became a worshipper of Pakellas the Inventive
   216 | D        | Noticed an orc warrior
   216 | D        | Noticed an ogre
   216 | D        | Noticed a wyvern
   217 | D        | Reached skill level 1 in Evocations
   218 | D        | Killed an orc warrior
   218 | D        | Reached * piety under Pakellas
   218 | D        | Received a gift from Pakellas
   218 | D        | Gained mutation: Your flesh is cold resistant. [demonic ancestry]
   218 | D        | Reached XP level 6. HP: 53/55 MP: 5/7
   230 | D        | Killed a wyvern
   230 | D        | Reached ** piety under Pakellas
   230 | D        | Received a gift from Pakellas
   230 | D        | Reached XP level 7. HP: 42/61 MP: 6/9
   330 | D        | Noticed a hill giant
   330 | D        | Noticed a deep elf mage
   336 | D        | Reached *** piety under Pakellas
   336 | D        | Received a gift from Pakellas
   337 | D        | Killed a hill giant
   337 | D        | Reached skill level 5 in Evocations
   337 | D        | Reached XP level 8. HP: 59/69 MP: 7/12
   338 | D        | Noticed a sixfirhy
   341 | D        | Noticed a jumping spider
   341 | D        | Noticed a jumping spider
   356 | D        | Slain by a redback

Vault maps used:
D:        linesprint

Skill      XL: |  1  2  3  4  5  6  7 |
---------------+----------------------+-----
Maces & Flails | 3 4 5 6 8 |  8.2
Armour         | 3 5 6 7 8 |  8.3
Shields        | 3 5 6 7 8 |  8.0
Fighting       | 4 5 6 7 8 |  8.6
Dodging        | 1 2 3 |  3.3
Evocations     | 2 3 5 |  5.5

Action                   |  1- 3 |  4- 6 |  7- 9 || total
-------------------------+-------+-------+-------++-------
Melee: Flail             |    27 |    21 |    24 ||    72
Evoke: Wand              |       |     2 |     5 ||     7
       Box of beasts     |       |       |     1 ||     1
  Use: Potion            |     1 |       |       ||     1
Armor: Scale mail        |     9 |     4 |       ||    13
       Plate armour      |       |     6 |    28 ||    34
Dodge: Dodged            |     3 |     4 |     9 ||    16
Block: Shield            |     6 |     7 |    15 ||    28
